cohdb
Replays
Latest Replays
All Replays
Popular Replays
Top Player Replays
Match Explorer
How It Works
Community
CoH3 Stats
Reddit
Sign in to upload your games and track your stats! →
Sign in with Steam
Match 31380704
Unlisted
Match 31380704
Overview
Messages
Build Orders
End
Construct Barracks
Riflemen Squad
Riflemen Squad
M1 Mortar Team
Construct Weapon Support Center
Infantry Support Center
M3 Armored Personnel Carrier
Selects Airborne Battlegroup
Selects Pathfinders
Selects Paratrooper Squad Paradrop
Paratrooper Squad Paradrop
Bazooka Squad
Paratrooper Squad Paradrop
Construct Tank Depot
Selects Smoke Bombing Run
Selects Supply Drop
M18 Hellcat Tank Destroyer
M18 Hellcat Tank Destroyer
Selects Carpet Bombing Run
Carpet Bombing Run
Smoke Bombing Run
AltoLivello ITA
Meat Rockets Blasting Off Again!
Augustino_hb
gUi
-Trupp5- Radio
READYRED
bhaleyirobertson1983
Zudikas
0
0
Comments
sign in to comment!
No comments posted yet!